 Dungeon Crawl Stone Soup version 0.19.0-18-g426998a (webtiles) character file.

152 Chiseanne the Fighter (level 5, -1/52 HPs)
             Began as a Demonspawn Hunter on Nov 11, 2016.
             Slain by Sigmund
             ... wielding a +0 scythe
              (10 damage)
             ... on level 2 of the Dungeon.
             The game lasted 00:03:25 (1178 turns).

Chiseanne the Fighter (Demonspawn Hunter)           Turns: 1178, Time: 00:03:26

Health: -1/52      AC:  9    Str: 12 (13) XL:     5   Next: 11%
Magic:  5/5        EV: 11    Int: 12 (13) God:
Gold:   96         SH:  0    Dex: 11 (13) Spells: 0 memorised, 4 levels left

rFire  . . .     SeeInvis .     a - +0 short sword
rCold  + . .     Gourm    .     k - +0 scale mail
rNeg   . . .     Faith    .     (no shield)
rPois  .         Spirit   .     (no helmet)
rElec  .         Reflect  .     (no cloak)
rCorr  .         Harm     .     (no gloves)
MR     .....                    (no boots)
Stlth  ..........               (no amulet)
                                (no ring)
                                (no ring)

@: flying
A: iridescent scales 1, cold resistance 1
a: no special abilities


You were on level 2 of the Dungeon.
You were not hungry.

You visited 1 branch of the dungeon, and saw 2 of its levels.

You collected 96 gold pieces.

Inventory:

Hand Weapons
 a - a +0 short sword (weapon)
Missiles
 c - 12 javelins (quivered)
 j - 21 sling bullets
 m - 7 poisoned needles
Armour
 k - a +0 scale mail (worn)
Scrolls
 l - 2 scrolls of fog {unknown}
Potions
 e - a potion of degeneration
Comestibles
 d - a slice of pizza
 f - a bread ration
 n - 3 chunks of flesh
 o - a meat ration


   Skills:
 * Level 9.1 Fighting
 - Level 3.6 Throwing
 * Level 5.2 Armour
 - Level 5.4 Dodging
 - Level 0.8 Stealth


You had 4 spell levels left.
You didn't know any spells.

Dungeon Overview and Level Annotations

Branches:
Dungeon (2/15)

Altars:

Annotations:
D:2 Sigmund


Innate Abilities, Weirdness & Mutations

You are partially covered in iridescent scales. (AC +2)
Your flesh is cold resistant. (rC+)


Message History

You hear some strange, mumbled words.
Something tries to affect you, but you resist.
You hit something but do no damage. Something hits you but does no damage.
You miss something. Something hits you but does no damage.
You hit something but do no damage. You closely miss something.
Something hits you.
Your scale mail prevents you from hitting something.
Something hits you but does no damage.
Your scale mail prevents you from hitting something.
You closely miss something. Something hits you but does no damage.
You closely miss something. Something hits you.
You closely miss something. Something hits you!
* * * LOW HITPOINT WARNING * * *
You hit something but do no damage. You miss something. Something hits you.
* * * LOW HITPOINT WARNING * * *
It was a potion of flight.
You feel very buoyant.
You fly up into the air.
Something hits you!
You die...

.......# .#.###.# ....##.#
..#.##.# ..#.##.# ###******
..)....####### #..,,,,,*
#.#.###......# #.#****,***
....# #.####.# #{#*,,,,,,*
..#####.####.###@##.#*,*,****
#.# ##..............#,,,,,,,*
..###.#.####.###.......#,**,*
...#)###...#.# ######.##,**,*
....## ##....# *,#*,**,*
...#.###.#.### *,**,**,*
#.##..#.##.####### *,**,**,*
#.##.#.###.#.....# *,,,,,,,*
...#.#####.#)....# ****,****


There were no monsters in sight!

Vanquished Creatures
  Natasha (D:2)
  A dart slug (D:1)
  4 leopard geckos (D:1)
  4 giant cockroaches (D:1)
  7 goblins
  2 hobgoblins (D:2)
  2 jackals (D:2)
  2 ball pythons (D:1)
  8 bats
  A frilled lizard (D:1)
  4 kobolds (D:1)
  6 rats
42 creatures vanquished.

Notes
Turn   | Place    | Note
-------+----------+-------------------------------------------
     0 | D:1      | Chiseanne the Demonspawn Hunter began the quest for the Orb.
     0 | D:1      | Reached XP level 1. HP: 16/16 MP: 1/1
   109 | D:1      | Gained mutation: You are partially covered in iridescent scales. (AC +2) [demonic ancestry]
   109 | D:1      | Reached XP level 2. HP: 18/23 MP: 2/2
   217 | D:1      | Reached skill level 3 in Fighting
   424 | D:1      | Reached XP level 3. HP: 28/29 MP: 3/3
   998 | D:2      | Noticed Natasha
  1017 | D:2      | Killed Natasha
  1017 | D:2      | Reached skill level 4 in Fighting
  1017 | D:2      | Reached skill level 1 in Armour
  1017 | D:2      | Gained mutation: Your flesh is cold resistant. (rC+) [demonic ancestry]
  1017 | D:2      | Reached XP level 4. HP: 28/37 MP: 4/4
  1147 | D:2      | Noticed Sigmund
  1149 | D:2      | Reached skill level 9 in Fighting
  1149 | D:2      | Reached skill level 5 in Armour
  1149 | D:2      | Reached skill level 5 in Dodging
  1149 | D:2      | Reached XP level 5. HP: 43/52 MP: 5/5
  1178 | D:2      | Slain by Sigmund

Skill      XL: |  1  2  3  4 |
---------------+-------------+-----
Fighting       | 3 4 9 |  9.1
Armour         | 1 5 |  5.2
Dodging        | 5 |  5.4
Throwing       | |  3.6
Stealth        | |  0.8

Action                   |  1- 3 |  4- 6 || total
-------------------------+-------+-------++-------
Melee: Short sword       |   163 |    36 ||   199
Throw: Throwing net      |     2 |       ||     2
  Use: Scroll            |     5 |       ||     5
       Potion            |       |     5 ||     5
 Stab: Distracted        |     1 |       ||     1
       Sleeping          |     1 |       ||     1
       Held in net/web   |     1 |       ||     1
  Eat: Chunk             |       |     1 ||     1
Armor: Leather armour    |    34 |       ||    34
       Scale mail        |    57 |     8 ||    65
Dodge: Dodged            |   122 |    12 ||   134
